 Dungeon Crawl Stone Soup version 0.30.0-5-g1a98f26d00 (webtiles) character file.

Game seed: 12758580070013324063

10444 Woods the Thaumaturge (level 11, -2/63 HPs)
             Began as a Deep Elf Air Elementalist on May 9, 2023.
             Was a Believer of Kikubaaqudgha.
             Killed by their own static electricity (4 damage)
             ... on level 8 of the Dungeon.
             The game lasted 00:32:28 (15367 turns).

Woods the Thaumaturge (Deep Elf Air Elementalist)  Turns: 15367, Time: 00:32:28

Health: -2/63      AC:  7    Str:  5    XL:     11   Next: 36%
Magic:  9/29       EV: 14    Int: 25    God:    Kikubaaqudgha [**....]
Gold:   274        SH:  0    Dex: 15    Spells: 20/34 levels left

rFire   . . .        A - +2 glaive (venom)
rCold   + . .        (shield currently unavailable)
rNeg    . . .        H - +0 troll leather armour
rPois   .            (no helmet)
rElec   .            (no cloak)
rCorr   .            w - +0 pair of gloves
SInv    .            r - +1 pair of boots
Will    +....        (no amulet)
Stlth   +++          p - ring of protection from cold
HPRegen 1.10/turn    (no ring)
MPRegen 0.21/turn

%: no passive effects
@: swift, studying Axes, very quick
A: no striking features
a: Renounce Religion, Unearth Wretches


You were on level 8 of the Dungeon.
You worshipped Kikubaaqudgha.
Kikubaaqudgha was pleased with you.
You visited 2 branches of the dungeon, and saw 10 of its levels.

You collected 439 gold pieces.
You spent 165 gold pieces at shops.

Inventory:

Hand Weapons
 y - a +3 shortbow
 A - a +2 glaive of venom (weapon)
Armour
 n - an orb of energy
 r - a +1 pair of boots (worn)
 w - a +0 pair of gloves (worn)
 D - a +1 robe of positive energy
 H - a +0 troll leather armour (worn)
Jewellery
 p - a ring of protection from cold (left hand)
 C - a ring of flight
Wands
 h - a wand of quicksilver (9)
 u - a wand of roots (7)
Scrolls
 a - a scroll of acquirement {unknown}
 d - 2 scrolls of vulnerability
 g - 2 scrolls of immolation
 i - 4 scrolls of fear
 j - 8 scrolls of teleportation
 q - 4 scrolls of brand weapon {unknown}
 x - a scroll of magic mapping {unknown}
 B - a scroll of amnesia {unknown}
 G - a scroll of blinking {unknown}
Potions
 b - a potion of magic
 c - 2 potions of brilliance {unknown}
 e - 7 potions of curing
 f - 2 potions of resistance {unknown}
 k - 2 potions of haste {unknown}
 l - a potion of attraction {unknown}
 m - 4 potions of heal wounds
 o - 2 potions of invisibility
 s - 3 potions of ambrosia
 t - a potion of lignification {unknown}
 v - a potion of degeneration {unknown}
 z - 4 potions of might
 E - a potion of flight


   Skills:
 - Level 5.0 Fighting
 - Level 8.0 Dodging
 - Level 5.0 Stealth
 - Level 12.0 Spellcasting
 + Level 6.4 Conjurations
 - Level 7.0 Necromancy
 - Level 10.0 Air Magic


You had 20 spell levels left.
You knew the following spells:

 Your Spells              Type           Power      Damage    Failure   Level
a - Shock                 Conj/Air       100%       1d9       1%          1
b - Static Discharge      Conj/Air       100%       2-7/arc   1%          2
c - Swiftness             Air            60%        N/A       1%          3
d - Airstrike             Air            30%        2d(5-21)  1%          4
e - Animate Dead          Necr           50%        N/A       3%          4

Your spell library contained the following spells:

 Spells                   Type           Power      Damage    Failure   Level
 Necrotise                Necr           100%       1d9       1%          1
 Sublimation of Blood     Necr           50%        N/A       1%          2
 Vampiric Draining        Necr           50%        2d9       1%          3
 Momentum Strike          Conj/Tloc      62%        3d9       2%          2
 Stone Arrow              Conj/Erth      62%        3d10      5%          3
 Blink                    Tloc           30%        N/A       10%         2
 Lesser Beckoning         Tloc           30%        N/A       10%         2
 Gell's Gravitas          Tloc           15%        N/A       21%         3
 Summon Guardian Golem    Hex/Summ       15%        N/A       21%         3
 Teleport Other           Tloc           15%        N/A       21%         3
 Animate Armour           Summ/Erth      30%        N/A       54%         4
 Orb of Destruction       Conj           23%        9d8       99%         7
 Dispersal                Tloc           7%         N/A       100%        6
 Spellforged Servitor     Conj/Summ      15%        N/A       100%        7
 Lehudib's Crystal Spear  Conj/Erth      15%        10d5      100%        8


Dungeon Overview and Level Annotations

Branches:
Dungeon (9/15)             Temple (1/1) D:7
   Lair: D:8-11         Orc: D:9-12

Altars:
Ashenzari
Cheibriados
Dithmenos
Elyvilon
Fedhas
Gozag
Hepliaklqana
Kikubaaqudgha
Makhleb
Nemelex Xobeh
Okawaru
Qazlal
Ru
Sif Muna
Trog
Uskayaw
Vehumet
Wu Jian
Xom
Yredelemnul
Zin
The Shining One

Shops:
D:8 !

Annotations:
D:4 2 transporters
D:5 1 runed translucent door, Vadun's ghost, novice TeFi


Message History

The yak is moderately wounded.
The lightning grounds out.
The yak is struck by an arc of lightning!
The yak is heavily wounded.
You are struck by an arc of lightning.
The yak is struck by an arc of lightning!
The yak is severely wounded.
You are struck by an arc of lightning.
The lightning grounds out.
The yak misses you. x2
Casting: Static Discharge (safe; 1% risk of failure)
Confirm with . or Enter, or press ? or * to list all spells.
The yak is struck by an arc of lightning.
The yak is severely wounded.
You are struck by an arc of lightning.
The yak is struck by an arc of lightning!
The yak is severely wounded.
You are struck by an arc of lightning.
The lightning grounds out.
The yak is struck by an arc of lightning.
The yak is almost dead.
You are struck by an arc of lightning.
The yak is struck by an arc of lightning.
The yak is almost dead.
You are struck by an arc of lightning.
The yak is struck by an arc of lightning.
The yak is almost dead.
The lightning grounds out.
The yak gores you!
* * * LOW HITPOINT WARNING * * *
The yak closely misses you.
Casting: Static Discharge (safe; 1% risk of failure)
Confirm with . or Enter, or press ? or * to list all spells.
The yak is struck by an arc of lightning.
You kill the yak!
Kikubaaqudgha accepts your kill.
You are struck by an arc of lightning.
* * * LOW HITPOINT WARNING * * *
The yak is struck by an arc of lightning.
The yak is almost dead.
You are struck by an arc of lightning.
You die...
Kikubaaqudgha rasps: "You have failed me!
Welcome... death!"

..##........###......##.........#
#####8...8### ##...............##
###.### ###.............# #...#
##.....#....#.## #._.#
###..#....##.## #...#
###.....##... ##### #....###...
#####################..#.###..[
#............†@Y.........#.....
#....##........................
####....#.......................[
..#....).........................
.....................#...........
..#.................###..........
.##................####....####.#
.##....###.........###....###....
###..####..........#.#.#.........


You could see a yak.

Vanquished Creatures
  A komodo dragon (D:9)
  2 trolls (D:9)
  A hornet (D:8)
  2 polar bears (D:9)
  Prince Ribbit (D:6)
  2 wyverns
  A wraith (D:7)
  11 yaks
  An unseen horror simulacrum (D:9)
  A steam dragon (D:8)
  An acid dragon (D:9)
  A water moccasin (D:8)
  Duvessa (D:6)
  5 black bears
  An orc warrior (D:8)
  2 sky beasts
  5 ice beasts
  3 ogres
  4 wolves
  8 centaurs
  A phantom (D:5)
  2 kobold brigands
  Blork the orc (D:6)
  4 bullfrogs
  2 gnoll sergeants
  2 scorpions
  17 wights
  Dowan (D:6)
  5 killer bees (D:8)
  6 howler monkeys
  An electric eel (D:9)
  A crimson imp (D:5)
  2 hounds
  2 orc priests
  A jelly (D:6)
  Jessica (D:2)
  4 iguanas
  3 sleepcaps
  11 orc wizards
  A centaur simulacrum (D:9)
  3 gnolls (D:5)
  2 adders
  2 shadow imps
  16 white imps
  4 ufetubi
  A worm (D:4)
  3 dart slugs
  31 orcs
  2 endoplasms
  A giant cockroach (D:4)
  12 goblins
  9 hobgoblins
  5 jackals
  10 kobolds
  4 quokkas
  9 ball pythons
  5 bats
  4 frilled lizards (D:1)
  6 rats
251 creatures vanquished.

Vanquished Creatures (collateral kills)
  A troll (D:9)
  2 polar bears (D:9)
  A yak (D:9)
  A wolf (D:9)
  A kobold (D:9)
6 creatures vanquished.

Vanquished Creatures (others)
  2 troll zombies (D:9)
  A polar bear zombie (D:9)
  A yak zombie (D:9)
  A bullfrog zombie (D:8)
  An ufetubus (D:9)
  A kobold zombie (D:9)
7 creatures vanquished.

Grand Total: 264 creatures vanquished

Notes
Turn   | Place    | Note
-------+----------+-------------------------------------------
     0 | D:1      | Woods the Deep Elf Air Elementalist began the quest for the
                  | Orb.
     0 | D:1      | Reached XP level 1. HP: 10/10 MP: 6/6
   137 | D:1      | Reached XP level 2. HP: 15/15 MP: 6/8
   640 | D:1      | Reached XP level 3. HP: 19/19 MP: 6/9
  1494 | D:2      | Noticed Jessica
  1498 | D:2      | Killed Jessica
  1499 | D:2      | Reached XP level 4. HP: 24/24 MP: 7/11
  2003 | D:2      | Learned a level 2 spell: Static Discharge
  2007 | D:2      | Learned a level 3 spell: Swiftness
  2012 | D:2      | Learned a level 4 spell: Airstrike
  2308 | D:3      | Reached skill level 4 in Spellcasting
  2708 | D:4      | Found a transporter.
  2725 | D:4      | Noticed a kobold demonologist
  2735 | D:4      | Found a transporter.
  2800 | D:4      | Reached XP level 5. HP: 28/28 MP: 7/13
  3119 | D:4      | Noticed a sky beast
  3160 | D:4      | Noticed a black bear
  3507 | D:4      | Killed a sky beast
  3508 | D:4      | Reached skill level 5 in Spellcasting
  3508 | D:4      | Reached XP level 6. HP: 32/32 MP: 6/15
  3946 | D:4      | Reached XP level 7. HP: 29/36 MP: 4/17
  4481 | D:4      | Reached skill level 6 in Spellcasting
  4481 | D:4      | Reached skill level 5 in Air Magic
  4570 | D:5      | Entered Level 5 of the Dungeon
  4657 | D:5      | Found a runed translucent door.
  4666 | D:5      | Noticed Vadun's ghost (novice TeFi)
  5020 | D:5      | Reached skill level 5 in Conjurations
  5052 | D:5      | Reached skill level 5 in Stealth
  5052 | D:5      | Reached skill level 7 in Spellcasting
  5105 | D:5      | Reached XP level 8. HP: 39/41 MP: 16/20
  5324 | D:5      | Reached skill level 5 in Dodging
  5683 | D:5      | Reached skill level 1 in Fighting
  6474 | D:6      | Found a radiant altar of Vehumet.
  6474 | D:6      | Found an ancient bone altar of Kikubaaqudgha.
  6476 | D:6      | Found an opulent altar of Gozag.
  6565 | D:6      | Reached skill level 8 in Spellcasting
  6687 | D:6      | Noticed Prince Ribbit
  6690 | D:6      | Killed Prince Ribbit
  6848 | D:6      | Noticed Duvessa
  6848 | D:6      | Noticed Dowan
  6862 | D:6      | Killed Dowan
  6863 | D:6      | Reached XP level 9. HP: 49/49 MP: 14/23
  6868 | D:6      | Killed Duvessa
  7332 | D:6      | Noticed Blork the orc
  7335 | D:6      | Killed Blork the orc
  7336 | D:6      | Reached skill level 9 in Spellcasting
  8442 | D:7      | Reached skill level 10 in Spellcasting
  9035 | D:7      | Found a staircase to the Ecumenical Temple.
  9057 | Temple   | Entered the Ecumenical Temple
  9378 | D:6      | Became a worshipper of Kikubaaqudgha
  9401 | D:7      | Reached skill level 5 in Fighting
 10001 | D:8      | Reached XP level 10. HP: 58/59 MP: 20/26
 10027 | D:8      | Reached skill level 1 in Necromancy
 10237 | D:8      | Found a glowing golden altar of the Shining One.
 10448 | D:8      | Found Tanyezxona's Distillery.
 10456 | D:8      | Bought a potion of flight for 45 gold pieces
 10456 | D:8      | Bought a potion of invisibility for 120 gold pieces
 10662 | D:8      | Reached * piety under Kikubaaqudgha
 10662 | D:8      | Received a gift from Kikubaaqudgha
 10867 | D:8      | Learned a level 4 spell: Animate Dead
 11730 | D:9      | Reached skill level 11 in Spellcasting
 12440 | D:8      | Reached skill level 10 in Air Magic
 12591 | D:9      | Reached skill level 5 in Necromancy
 13522 | D:9      | Reached skill level 12 in Spellcasting
 13522 | D:9      | Reached XP level 11. HP: 10/63 MP: 3/29
 13702 | D:9      | Reached ** piety under Kikubaaqudgha
 15057 | D:9      | Noticed a death yak
 15367 | D:8      | HP: 2/63 [/static electricity (6)]
 15367 | D:8      | Killed from afar by themself

Illustrated notes

Levels and vault maps discovered:
D:1:      psy_arrival_dodecagon, layout_loops_cross
D:2:      layout_basic, uniq_jessica
D:3:      layout_rooms
D:4:      gammafunk_wand_slinger, layout_loops_ring, serial_glass,
          glass_columns_c, glass_columns_a
D:5:      layout_basic, ebering_ghost_sewer_d, minmay_fire_ice_demons
D:6:      layout_cave_pods, nicolae_overflow_hidden_temple, solitary_fountain,
          uniq_blork_the_orc, uniq_duvessa, uniq_prince_ribbit1
D:7:      layout_gridville, minmay_temple_entry_stoned_glass,
          small_statue_alley_b, grunt_decor_resistance, minmay_manual_mail
D:8:      layout_cave_pools, nicolae_tso_carved_into_rock, serial_shops, shop,
          kennysheep_kite_vault
D:9:      layout_cave_pools, serial_ice, serial_ice_b, serial_ice_h,
          serial_ice_o, serial_ice_d, serial_ice_k, serial_ice_c, serial_ice_m,
          serial_ice_e, serial_ice_n, serial_ice_g, minmay_misc_feat_roman
Temple:   hc_temple_tempest_star

Skill      XL: |  1  2  3  4  5  6  7  8  9 10 11 |
---------------+----------------------------------+-----
Stealth        | 3 4 5 |  5.0
Conjurations   | 2 3 4 5 6 |  6.4
Dodging        | 3 4 5 6 8 |  8.0
Spellcasting   | 4 5 7 8 10 12 | 12.0
Air Magic      | 4 5 6 9 10 | 10.0
Fighting       | 2 5 |  5.0
Necromancy     | 6 7 |  7.0

Action                     |  1- 3 |  4- 6 |  7- 9 | 10-12 || total
---------------------------+-------+-------+-------+-------++-------
  Melee: Unarmed           |     8 |       |       |       ||     8
         Glaive            |       |       |     6 |    32 ||    38
   Cast: Shock             |    69 |    81 |   113 |     7 ||   270
         Static Discharge  |       |    15 |    29 |    44 ||    88
         Airstrike         |       |     2 |    74 |   117 ||   193
         Swiftness         |       |     1 |     4 |     6 ||    11
         Animate Dead      |       |       |       |     6 ||     6
    Use: Scroll            |       |       |     8 |     1 ||     9
 Armour: Robe              |     5 |     5 |    11 |    22 ||    43
         Troll leather arm |       |       |       |     6 ||     6
  Dodge: Dodged            |    10 |    19 |    31 |    88 ||   148
